 Dungeon Crawl Stone Soup version 0.30-a0-862-g1aabd4f9c5 (webtiles) character file.

Game seed: 15997733444392530597

3 ragingrage the Chiller (level 1, -1/10 HPs)
             Began as a Kobold Wanderer on Mar 9, 2023.
             Succumbed to a goblin's poison
             ... on level 1 of the Dungeon.
             The game lasted 00:01:07 (99 turns).

ragingrage the Chiller (Kobold Wanderer)              Turns: 99, Time: 00:01:08

Health: -1/10      AC:  2    Str:  9    XL:     1   Next: 55%
Magic:  2/3        EV: 12    Int: 12    God:
Gold:   6          SH:  4    Dex: 15    Spells: 3/4 levels left

rFire   . . .      SeeInvis .    f - +0 short sword
rCold   . . .      Faith    .    d - +0 buckler
rNeg    . . .      Spirit   .    c - +0 robe
rPois   .          Reflect  .    (no helmet)
rElec   .          Rampage  .    (no cloak)
rCorr   .                        (no gloves)
Will    .....                    (no boots)
Stlth   +++                      (no amulet)
HPRegen 0.21/turn                (no ring)
MPRegen 0.08/turn                (no ring)

@: lethally poisoned (-1 -> -6)
A: small, no large weapons, nightstalker 3
a: no special abilities


You were on level 1 of the Dungeon.
You visited 1 branch of the dungeon, and saw 1 of its levels.

You collected 6 gold pieces.

Inventory:

Hand Weapons
 a - a +0 dagger
 f - a +0 short sword (weapon)
 h - a +0 dagger of venom
Armour
 c - a +0 robe (worn)
 d - a +0 buckler (worn)
Scrolls
 b - a scroll of silence
 e - a scroll of fear {unknown}
 g - a scroll of teleportation {unknown}


   Skills:
 + Level 0.4 Short Blades
 + Level 1.5 Stealth
 - Level 1.5 Shields
 + Level 2.2 Spellcasting
 - Level 1.0 Transmutations
 + Level 4.0 Ice Magic


You had 3 spell levels left.
You knew the following spells:

 Your Spells              Type           Power      Damage    Failure   Level
a - Freeze                Ice            44%        1d6       8%          1

Your spell library contained the following spells:

 Spells                   Type           Power      Damage    Failure   Level
 Wereblood                Tmut           3%         N/A       38%         2
 Passwall                 Tmut/Erth      1%         N/A       45%         2
 Ice Form                 Ice/Tmut       7%         N/A       80%         4
 Summon Ice Beast         Ice/Summ       6%         N/A       86%         4


Dungeon Overview and Level Annotations

Branches:
Dungeon (1/15)

Altars:


Innate Abilities, Weirdness & Mutations

You are small and have problems with some larger weapons.
You are completely attuned to the shadows.


Message History

f - a +0 short sword Unknown command.
f - a +0 short sword (weapon)
g - a scroll labelled VYOCEEB SAUDUF A frilled lizard comes into view.
The frilled lizard hisses angrily.
You miss the frilled lizard. The frilled lizard barely misses you.
You hit the frilled lizard.
You kill the frilled lizard!
You can't see any susceptible monsters within range! (Use Z to cast anyway.)
A ball python comes into view.
You see here 6 gold pieces.
A ball python is nearby!
You now have 6 gold pieces.
A goblin comes into view. It is wielding a +0 dagger of venom.
The helpless ball python fails to defend itself.
You hit the ball python.
You kill the ball python!
You hit the goblin.
The goblin hits you with a +0 dagger of venom.
You are lethally poisoned!
Aiming: Freeze (safe; 8% risk of failure)
Aim: a goblin, wielding a +0 dagger of venom (moderately wounded)
You freeze the goblin.
You kill the goblin!
You feel very sick.
Unknown command.
You aren't carrying any potions.
* * * LOW HITPOINT WARNING * * *
You feel very sick.
Unknown command.
A goblin comes into view. It is wielding a +0 dagger.
* * * LOW HITPOINT WARNING * * *
You feel sick.
Things that are here:
a +0 dagger of venom; a goblin corpse Unknown command.
Unknown command.
h - a +0 dagger of venom You die...

..# #.# #.# #.## ...#
#.##.#.#.. ...#
#.##.#...#. ...#
#.......... ...#####
#..........
.......####.....@....
..............#......
.......####....#.....
...##### #....#.....
...# #.##.#....g ....
#.. ..


You could see a goblin (asleep).

Vanquished Creatures
  A goblin (D:1)
  A ball python (D:1)
  A frilled lizard (D:1)
  A kobold (D:1)
4 creatures vanquished.

Notes
Turn   | Place    | Note
-------+----------+-------------------------------------------
     0 | D:1      | ragingrage the Kobold Wanderer began the quest for the Orb.
     0 | D:1      | ragingrage set off with the following items: a +0 dagger, a
                  | scroll of silence, a +0 robe, a +0 buckler; and the
                  | following spell memorised: Freeze; and the following spells
                  | available to memorise: Wereblood, Passwall, Ice Form,
                  | Summon Ice Beast.
     0 | D:1      | Reached XP level 1. HP: 10/10 MP: 3/3
    99 | D:1      | Succumbed to a goblin's poison

Illustrated notes

Levels and vault maps discovered:
D:1:      dpeg_arrival_shelter, layout_loops_cross

Action                     || total
---------------------------++-------
  Melee: Short sword       ||     4
         Dagger            ||     1
   Cast: Freeze            ||     1
   Stab: Sleeping          ||     2
  Dodge: Dodged            ||     1

Table legend: (Time is in decaauts)
 A = Elapsed time spent in this place.
 B = Non-inter-level travel time spent in this place.
 C = Inter-level travel time spent in this place.
 D = Time resting spent in this place.
 E = Time spent auto-exploring this place.
 F = Levels seen in this place.
 G = Mean time per level.
                   A        B        C        D        E       F      G
               +--------+--------+--------+--------+--------+-----+--------+
         Total |     98 |     92 |      6 |      0 |     67 |   1 |   98.0 |
       Dungeon |     98 |     92 |      6 |      0 |     67 |   1 |   98.0 |
               +--------+--------+--------+--------+--------+-----+--------+

Top non-repeatable levels by time:
     D:1: 98 daAuts
